[ AOE2 MATCH · #505485753 ]
UnrankedTurks vs Muisca
Player's team · WIN
Rival team · LOSS
[ REPLAY ANALYSIS · EXTRACTED FROM THE RECORDED GAME ]
Feudal
9:37
Castle
23:41
Imperial
34:58
| APM avg | 33.6 |
| APM peak | 66 |
| eAPM avg | 19.8 |
| Villagers / military | 146 / 194 |
Focus
⚔️ 42.2% · 🌾 57.8%
Scout Cavalry ×114 · Hand Cannoneer ×50 · Militia ×12 · Bombard Cannon ×8 · Trebuchet (Packed) ×3 · Monk ×2
Feudal
12:25
Castle
24:26
Imperial
41:22
| APM avg | 33.0 |
| APM peak | 71 |
| eAPM avg | 17.2 |
| Villagers / military | 135 / 108 |
Focus
⚔️ 40.3% · 🌾 59.7%
Archer ×100 · Unknown (2586) ×42 · Spearman ×5 · Fishing Ship ×3 · Monk ×2 · Unknown (2550) ×2
Match map
Initial resources + every placement click. Lines = walls · curves = elevation contours. ◆ gold · ⬟ stone · ● berries · ✦ relic · ◌ wall gap
Your base· ✓ Map-separated
niksu's base· ✓ Map-separated
Smoothed initial terrain · ◌ = detected wall gap · hover for details
Inputs per minute
— Sage_of_Empires - - niksu
Build order — Sage_of_Empires
First 150 of 522 actions detected
| 0:00 | Queue | Villager (Male) |
| 0:01 | Queue | Villager (Male) |
| 0:01 | Queue | Villager (Male) |
| 0:02 | Build | House |
| 0:04 | Build | House |
| 0:37 | Queue | Villager (Male) |
| 0:38 | Queue | Villager (Male) |
| 1:25 | Queue | Villager (Male) |
| 2:02 | Queue | Villager (Male) |
| 2:02 | Queue | Villager (Male) |
| 2:22 | Queue | Villager (Male) |
| 2:22 | Queue | Villager (Male) |
| 2:50 | Queue | Villager (Male) |
| 2:50 | Queue | Villager (Male) |
| 3:17 | Queue | Villager (Male) |
| 3:17 | Queue | Villager (Male) |
| 3:24 | Build | Lumber Camp |
| 3:35 | Queue | Villager (Male) |
| 3:35 | Queue | Villager (Male) |
| 3:56 | Queue | Villager (Male) |
| 3:56 | Queue | Villager (Male) |
| 3:59 | Build | House |
| 4:39 | Queue | Villager (Male) |
| 4:39 | Queue | Villager (Male) |
| 4:57 | Queue | Villager (Male) |
| 5:36 | Build | Barracks |
| 5:49 | Queue | Villager (Male) |
| 6:30 | Research | Loom |
| 7:21 | Build | Mining Camp |
| 7:27 | Research | Feudal Age |
| 7:43 | Build | Mill |
| 7:54 | Queue | Militia |
| 7:57 | Build | House |
| 8:38 | Queue | Militia |
| 8:57 | Queue | Militia |
| 9:15 | Queue | Villager (Male) |
| 9:37 | Age | Feudal Age |
| 9:39 | Research | Man-at-Arms (upgrade) |
| 9:49 | Queue | Villager (Male) |
| 10:21 | Build | Stable |
| 10:37 | Queue | Militia |
| 10:42 | Build | House |
| 10:55 | Queue | Villager (Male) |
| 11:14 | Queue | Scout Cavalry |
| 11:26 | Build | Farm |
| 11:27 | Build | Farm |
| 11:29 | Build | Farm |
| 11:35 | Queue | Villager (Male) |
| 11:39 | Build | Farm |
| 12:08 | Queue | Villager (Male) |
| 12:08 | Queue | Scout Cavalry |
| 12:15 | Queue | Villager (Male) |
| 12:17 | Build | Farm |
| 12:20 | Build | Farm |
| 12:49 | Queue | Villager (Male) |
| 12:51 | Build | Farm |
| 12:53 | Build | Farm |
| 12:56 | Build | House |
| 13:20 | Queue | Scout Cavalry |
| 13:24 | Build | House |
| 13:29 | Build | Blacksmith |
| 13:31 | Queue | Villager (Male) |
| 14:10 | Queue | Villager (Male) |
| 14:10 | Queue | Scout Cavalry |
| 14:13 | Build | Farm |
| 14:15 | Build | Farm |
| 14:20 | Queue | Villager (Male) |
| 14:44 | Research | Double-Bit Axe |
| 14:49 | Build | Farm |
| 15:03 | Build | House |
| 15:05 | Queue | Villager (Male) |
| 15:14 | Build | Farm |
| 15:15 | Queue | Villager (Male) |
| 15:22 | Queue | Scout Cavalry |
| 15:40 | Build | Farm |
| 15:41 | Queue | Villager (Male) |
| 15:43 | Build | Farm |
| 16:00 | Research | Scale Barding Armor |
| 16:13 | Queue | Scout Cavalry |
| 16:20 | Research | Horse Collar |
| 16:21 | Queue | Villager (Male) |
| 16:32 | Build | Farm |
| 16:33 | Build | Farm |
| 17:07 | Build | Farm |
| 17:15 | Queue | Villager (Male) |
| 18:30 | Queue | Villager (Male) |
| 18:31 | Build | Farm |
| 18:32 | Queue | Villager (Male) |
| 18:40 | Queue | Scout Cavalry |
| 18:41 | Queue | Villager (Male) |
| 18:44 | Build | Farm |
| 18:46 | Build | Farm |
| 19:24 | Queue | Villager (Male) |
| 19:26 | Build | Farm |
| 19:29 | Build | Farm |
| 19:42 | Queue | Scout Cavalry |
| 19:46 | Research | Wheelbarrow |
| 19:48 | Build | Farm |
| 19:51 | Queue | Scout Cavalry |
| 19:55 | Build | Farm |
| 20:25 | Queue | Scout Cavalry |
| 20:55 | Research | Castle Age |
| 21:02 | Build | Farm |
| 21:06 | Queue | Scout Cavalry |
| 21:10 | Build | House |
| 21:33 | Queue | Scout Cavalry |
| 21:36 | Build | House |
| 22:06 | Queue | Scout Cavalry |
| 22:10 | Build | Stable |
| 22:14 | Research | Bloodlines |
| 22:25 | Research | Forging |
| 22:51 | Queue | Scout Cavalry |
| 22:59 | Build | House |
| 23:02 | Build | House |
| 23:05 | Queue | Scout Cavalry |
| 23:13 | Build | Farm |
| 23:15 | Build | Farm |
| 23:36 | Build | Lumber Camp |
| 23:41 | Age | Castle Age |
| 23:44 | Queue | Scout Cavalry |
| 23:45 | Queue | Scout Cavalry |
| 23:51 | Build | Town Center |
| 23:52 | Queue | Villager (Male) |
| 23:55 | Research | Bow Saw |
| 23:58 | Research | Chain Barding Armor |
| 24:15 | Queue | Villager (Male) |
| 24:20 | Queue | Villager (Male) |
| 24:34 | Build | Siege Workshop |
| 24:50 | Queue | Scout Cavalry |
| 24:51 | Queue | Scout Cavalry |
| 25:00 | Queue | Mangonel |
| 25:03 | Queue | Villager (Male) |
| 25:08 | Queue | Villager (Male) |
| 25:29 | Queue | Villager (Male) |
| 25:29 | Queue | Villager (Male) |
| 25:29 | Queue | Villager (Male) |
| 26:10 | Queue | Villager (Male) |
| 26:16 | Build | Dock |
| 26:21 | Queue | Villager (Male) |
| 26:22 | Queue | Villager (Male) |
| 26:22 | Queue | Villager (Male) |
| 26:25 | Build | Town Center |
| 26:28 | Queue | Villager (Male) |
| 26:30 | Queue | Scout Cavalry |
| 26:31 | Queue | Scout Cavalry |
| 26:46 | Build | House |
| 26:53 | Queue | Villager (Male) |
| 26:55 | Queue | Villager (Male) |
| 26:56 | Queue | Villager (Male) |
| 26:59 | Queue | Scout Cavalry |
Build order — niksu
First 150 of 471 actions detected
| 0:02 | Queue | Villager (Male) |
| 0:02 | Queue | Villager (Male) |
| 0:02 | Queue | Villager (Male) |
| 0:03 | Build | House |
| 0:04 | Build | House |
| 0:07 | Queue | Villager (Male) |
| 0:07 | Queue | Villager (Male) |
| 1:36 | Queue | Villager (Male) |
| 2:12 | Queue | Villager (Male) |
| 2:34 | Queue | Villager (Male) |
| 2:48 | Queue | Villager (Male) |
| 2:57 | Build | Settlement |
| 3:25 | Queue | Villager (Male) |
| 3:25 | Queue | Villager (Male) |
| 3:25 | Queue | Villager (Male) |
| 4:14 | Queue | Villager (Male) |
| 4:26 | Queue | Villager (Male) |
| 4:43 | Queue | Villager (Male) |
| 5:26 | Queue | Villager (Male) |
| 5:50 | Build | Dock |
| 5:58 | Queue | Villager (Male) |
| 6:25 | Queue | Fishing Ship |
| 6:30 | Queue | Villager (Male) |
| 6:34 | Build | House |
| 6:36 | Build | House |
| 6:51 | Build | Barracks |
| 7:01 | Queue | Villager (Male) |
| 7:24 | Queue | Unit 2550 |
| 7:25 | Queue | Unit 2550 |
| 7:46 | Queue | Fishing Ship |
| 7:47 | Queue | Villager (Male) |
| 7:48 | Queue | Villager (Male) |
| 8:16 | Build | House |
| 8:26 | Research | Loom |
| 8:37 | Queue | Villager (Male) |
| 8:45 | Queue | Fishing Ship |
| 9:09 | Queue | Villager (Male) |
| 9:18 | Build | House |
| 10:15 | Research | Feudal Age |
| 11:00 | Build | Palisade Wall |
| 11:04 | Build | Palisade Wall |
| 11:27 | Queue | Villager (Male) |
| 11:42 | Build | Palisade Wall |
| 11:52 | Build | Palisade Wall |
| 12:08 | Queue | Villager (Male) |
| 12:25 | Age | Feudal Age |
| 12:49 | Build | Archery Range |
| 13:23 | Queue | Villager (Male) |
| 13:27 | Research | Double-Bit Axe |
| 13:36 | Queue | Spearman |
| 14:04 | Queue | Villager (Male) |
| 14:18 | Queue | Villager (Male) |
| 14:22 | Build | Farm |
| 14:22 | Build | Farm |
| 14:23 | Build | Farm |
| 14:24 | Queue | Archer |
| 14:25 | Queue | Archer |
| 14:27 | Build | Blacksmith |
| 14:46 | Queue | Villager (Male) |
| 14:49 | Queue | Archer |
| 15:12 | Queue | Villager (Male) |
| 15:21 | Build | Farm |
| 15:25 | Build | Farm |
| 15:32 | Build | Settlement |
| 15:35 | Queue | Archer |
| 15:55 | Queue | Villager (Male) |
| 16:02 | Research | Fletching |
| 16:04 | Queue | Archer |
| 16:15 | Queue | Villager (Male) |
| 16:18 | Build | Farm |
| 16:19 | Build | Farm |
| 16:30 | Build | Farm |
| 16:39 | Queue | Villager (Male) |
| 16:40 | Queue | Archer |
| 16:40 | Queue | Archer |
| 16:56 | Queue | Villager (Male) |
| 17:00 | Queue | Archer |
| 17:05 | Build | House |
| 17:11 | Build | House |
| 17:12 | Build | House |
| 17:30 | Build | Farm |
| 17:31 | Build | Farm |
| 18:08 | Queue | Archer |
| 18:08 | Queue | Archer |
| 18:09 | Queue | Villager (Male) |
| 18:09 | Queue | Villager (Male) |
| 18:13 | Build | House |
| 18:22 | Build | House |
| 18:31 | Queue | Archer |
| 18:31 | Queue | Archer |
| 18:32 | Queue | Spearman |
| 18:32 | Queue | Spearman |
| 18:38 | Build | Palisade Wall |
| 18:50 | Build | Palisade Wall |
| 18:56 | Queue | Archer |
| 18:58 | Queue | Villager (Male) |
| 18:59 | Queue | Archer |
| 19:16 | Queue | Villager (Male) |
| 19:37 | Build | House |
| 19:42 | Build | House |
| 19:44 | Build | House |
| 19:53 | Queue | Villager (Male) |
| 19:55 | Queue | Villager (Male) |
| 19:58 | Build | Market |
| 20:19 | Build | Farm |
| 20:50 | Build | Palisade Wall |
| 20:55 | Build | Palisade Gate |
| 20:56 | Queue | Villager (Male) |
| 21:06 | Queue | Villager (Male) |
| 21:15 | Build | Palisade Wall |
| 21:23 | Build | Palisade Wall |
| 21:25 | Build | Palisade Wall |
| 21:31 | Queue | Villager (Male) |
| 21:35 | Research | Castle Age |
| 21:49 | Build | Stone Wall |
| 21:52 | Build | Stone Wall |
| 21:53 | Build | Stone Wall |
| 22:18 | Queue | Spearman |
| 22:18 | Queue | Spearman |
| 22:20 | Queue | Archer |
| 22:20 | Queue | Archer |
| 22:24 | Build | Archery Range |
| 22:26 | Queue | Villager (Male) |
| 22:54 | Queue | Archer |
| 23:08 | Build | Gate |
| 23:09 | Queue | Villager (Male) |
| 23:12 | Queue | Archer |
| 23:14 | Queue | Archer |
| 23:14 | Queue | Archer |
| 23:29 | Queue | Villager (Male) |
| 23:37 | Build | Farm |
| 23:42 | Research | Horse Collar |
| 23:43 | Research | Gold Mining |
| 24:26 | Age | Castle Age |
| 24:34 | Research | Bodkin Arrow |
| 24:35 | Research | Scale Mail Armor |
| 24:44 | Research | Crossbowman (upgrade) |
| 24:55 | Queue | Archer |
| 24:55 | Queue | Archer |
| 24:55 | Queue | Archer |
| 24:56 | Queue | Villager (Male) |
| 25:05 | Build | Town Center |
| 25:15 | Build | Farm |
| 25:15 | Build | Farm |
| 25:15 | Build | Farm |
| 25:15 | Build | Farm |
| 25:16 | Build | Farm |
| 25:16 | Build | Farm |
| 25:22 | Queue | Archer |
| 25:22 | Queue | Archer |
Match timeline
| 5:36 | Sage_of_Empires · first_building Barracks |
| 5:50 | niksu · first_building Dock |
| 6:51 | niksu · first_building Barracks |
| 9:37 | Sage_of_Empires · age_up feudal |
| 10:21 | Sage_of_Empires · first_building Stable |
| 11:00 | niksu · wall_segment Palisade Wall x5 |
| 11:04 | niksu · wall_segment Palisade Wall x8 |
| 11:42 | niksu · wall_segment Palisade Wall x6 |
| 11:52 | niksu · wall_segment Palisade Wall x1 |
| 12:25 | niksu · age_up feudal |
| 12:49 | niksu · first_building Archery Range |
| 18:38 | niksu · wall_segment Palisade Wall x1 |
| 18:50 | niksu · wall_segment Palisade Wall x1 |
| 20:50 | niksu · wall_segment Palisade Wall x6 |
| 21:15 | niksu · wall_segment Palisade Wall x3 |
| 21:23 | niksu · wall_segment Palisade Wall x10 |
| 21:25 | niksu · wall_segment Palisade Wall x5 |
| 21:34 | niksu · first_market_buy 100 food |
| 21:49 | niksu · wall_segment Stone Wall x4 |
| 21:52 | niksu · wall_segment Stone Wall x10 |
| 21:53 | niksu · wall_segment Stone Wall x6 |
| 23:41 | Sage_of_Empires · age_up castle |
| 24:26 | niksu · age_up castle |
| 24:34 | Sage_of_Empires · first_building Siege Workshop |
| 26:10 | niksu · first_building Monastery |
| 26:16 | Sage_of_Empires · first_building Dock |
| 29:04 | Sage_of_Empires · first_building Monastery |
| 29:40 | niksu · wall_segment Stone Wall x1 |
| 29:42 | niksu · wall_segment Stone Wall x3 |
| 30:41 | niksu · first_market_sell 100 wood |
| 34:40 | Sage_of_Empires · first_building Archery Range |
| 34:58 | Sage_of_Empires · age_up imperial |
| 37:17 | Sage_of_Empires · first_building Castle |
| 37:21 | niksu · first_building Castle |
| 41:22 | niksu · age_up imperial |
| 43:50 | niksu · wall_segment Stone Wall x6 |
| 48:14 | niksu · resign |
[ AI ANALYSIS · 1 CREDIT ]
What really happened in this match?
Wolo.gg analyzes every decision: build order, eco, micro, common mistakes by bracket. Personalized analysis on WhatsApp or Discord in 30 seconds.
Civ guide
Turks
Perfil
Sage_of_Empires